 Dungeon Crawl Stone Soup version 0.30-a0-965-g42e074c17a (webtiles) character file.

Game seed: 14131695418870720600

2100 cforsyth the Basher (level 9, 0/74 HPs)
             Began as a Formicid Fighter on Mar 31, 2023.
             Was an Initiate of Ru.
             Killed from afar by an electric eel (9 damage)
             ... with a bolt of electricity
             ... on level 6 of the Dungeon.
             The game lasted 00:08:34 (6676 turns).

cforsyth the Basher (Formicid Fighter)              Turns: 6676, Time: 00:08:35

Health: 0/74       AC: 18    Str: 31    XL:     9   Next: 52%
Magic:  9/9        EV:  7    Int:  8    God:    Ru [......]
Gold:   410        SH:  5    Dex: 13    Spells: 8/8 levels left

rFire   . . .      SeeInvis +    w - +2 flail (protect)
rCold   + . .      Faith    .    c - +0 buckler
rNeg    . . .      Spirit   .    k - +0 plate armour
rPois   .          Reflect  .    (helmet unavailable)
rElec   .          Rampage  .    (no cloak)
rCorr   .                        (no gloves)
Will    .....                    (no boots) Stlth
                                 (no amulet)
HPRegen 0.32/turn                y - +6 ring of strength
MPRegen 0.11/turn                u - ring of protection from cold

@: under a protective aura
A: permanent stasis, dig shafts and tunnels, antennae 3, no stealth, four strong
arms
a: Dig, Shaft Self, Renounce Religion


You were on level 6 of the Dungeon.
You worshipped Ru.
Ru was noncommittal.
You visited 2 branches of the dungeon, and saw 7 of its levels.

You collected 410 gold pieces.

Inventory:

Hand Weapons
 a - a +0 flail
 v - a +1 flail of venom
 w - a +2 flail of protection (weapon)
Missiles
 l - a throwing net
Armour
 b - a +0 scale mail
 c - a +0 buckler (worn)
 k - a +0 plate armour (worn)
 t - a +0 pair of boots
Jewellery
 u - a ring of protection from cold (right hand)
 y - a +6 ring of strength (left hand)
Wands
 q - a wand of charming (5)
Scrolls
 e - 7 scrolls of noise {unknown}
 g - 3 scrolls of poison {unknown}
 h - 2 scrolls of butterflies {unknown}
 j - 4 scrolls of identify {unknown}
 m - 2 scrolls of vulnerability {unknown}
 o - a scroll of brand weapon {unknown}
 p - 3 scrolls of teleportation {unknown}
 r - a scroll of enchant armour {unknown}
 x - a scroll of immolation {unknown}
 B - a scroll of torment {unknown}
 D - a scroll of fog {unknown}
 E - a scroll of amnesia {unknown}
 F - 3 scrolls of fear {unknown}
Potions
 d - 5 potions of might
 f - 3 potions of flight {unknown}
 i - 5 potions of curing
 n - 3 potions of heal wounds {unknown}
 s - a potion of berserk rage {unknown}
 z - 4 potions of lignification {unknown}
 A - a potion of resistance {unknown}
 C - 2 potions of brilliance {unknown}


   Skills:
 + Level 8.2 Fighting
 * Level 10.0 Maces & Flails
 - Level 3.2 Armour
 - Level 4.0 Shields


You had 8 spell levels left.
You didn't know any spells.
Your spell library contained the following spells:

 Spells                   Type           Power      Damage    Failure   Level
 Apportation              Tloc           0%         N/A       99%         1
 Foxfire                  Conj/Fire      0%         2x1d2     99%         1
 Necrotise                Necr           0%         1d4       99%         1
 Summon Small Mammal      Summ           0%         N/A       99%         1
 Cigotuvi's Dreadful Rot  Necr/Pois/Air  0%         N/A       100%        2
 Ensorcelled Hibernation  Hex/Ice        0%         N/A       100%        2
 Poisonous Vapours        Pois/Air       0%         N/A       100%        2
 Mephitic Cloud           Conj/Pois/Air  0%         N/A       100%        3
 Spider Form              Tmut/Pois      0%         N/A       100%        3
 Anguish                  Hex/Necr       0%         N/A       100%        4
 Dispel Undead            Necr           0%         3d6       100%        4
 Fireball                 Conj/Fire      0%         3d3       100%        5
 Death Channel            Necr           0%         N/A       100%        6
 Starburst                Conj/Fire      0%         6d3       100%        6


Dungeon Overview and Level Annotations

Branches:
Dungeon (6/15)             Temple (1/1) D:4

Altars:
Ashenzari
Cheibriados
Dithmenos
Gozag
Hepliaklqana
Nemelex Xobeh
Okawaru
Qazlal
Ru
Sif Muna
Trog
Uskayaw
Wu Jian
Zin
The Shining One

Shops:
D:4 [

Annotations:
D:5 2 transporters, Newt's ghost, novice KoHu


Innate Abilities, Weirdness & Mutations

You cannot be hasted, slowed, berserked, paralysed or teleported.
You can dig through walls and to a lower floor.
You have a pair of large antennae on your head. (SInv)
You cannot be stealthy.
Your four strong arms can wield two-handed weapons with a shield.


Message History

The electric eel shoots out a bolt of lightning at you!
The bolt of electricity hits you but does no damage.
The bolt of electricity hits you!
You sock the electric eel!
Your weapon exudes an aura of protection.
The electric eel is heavily wounded.
The electric eel shoots out a bolt of lightning at you!
The bolt of electricity hits you. The bolt of electricity hits you!
The bolt of electricity hits the electric eel.
The electric eel completely resists.
You barely miss the electric eel.
The electric eel is heavily wounded.
The electric eel shoots out a bolt of lightning at you!
The bolt of electricity hits you! The bolt of electricity hits you.
* * * LOW HITPOINT WARNING * * *
The bolt of electricity hits the electric eel.
The electric eel completely resists.
You are too injured to fight recklessly!
You are too injured to fight recklessly!
You are too injured to fight recklessly!
You are too injured to fight recklessly!
You are too injured to fight recklessly!
You are too injured to fight recklessly!
You are too injured to fight recklessly!
You are too injured to fight recklessly!
You are too injured to fight recklessly!
You hit the electric eel.
The electric eel is severely wounded.
The electric eel shoots out a bolt of lightning at you!
The bolt of electricity hits you.
* * * LOW HITPOINT WARNING * * *
The bolt of electricity hits you!
* * * LOW HITPOINT WARNING * * *
The bolt of electricity hits the electric eel.
The electric eel completely resists.
The electric eel shoots out a bolt of lightning at you!
The bolt of electricity hits you.
* * * LOW HITPOINT WARNING * * *
The bolt of electricity hits you!
You die...

####.# #.## ##..#
##.....## #.#
##.###)#.# ##...##
#.# #.......# ##'##
#.# ###.##### #.#
#.# #..# #.# #.# #
##.# ##.##
#.#####P##.# ##...##
#.##..P~##.#
#.....##
#...~~~~P#@#
##...... ##
#.~~~♣~~~S..#
##.#### .
...~.♣♣♣♣♣♣~~.......
....... ###.P~~
♣~P#.##### ###.....
##.~♣ ~~P#.# #.####
#~~~ ~~P...# #.#
##.P ~.~~..##
#####.#### ##
~.....# #........# #
~..##### #.#####.#.


You could see an electric eel.

Vanquished Creatures
  Grinder (D:5)
  A steam dragon (D:6)
  Eustachio (D:4)
  Edmund (D:4)
  Menkaure (D:4)
  3 ice beasts
  2 centaurs
  A phantom (D:6)
  A scorpion (D:4)
  2 orc priests (D:4)
  7 hounds
  A gnoll bouda (D:6)
  Ijyb (D:3)
  3 iguanas (D:5)
  5 orc wizards
  10 gnolls
  11 adders
  A white imp (D:6)
  An ufetubus (D:6)
  A worm (D:4)
  16 orcs
  8 ball pythons
  7 bats
  5 endoplasms
  3 giant cockroaches (D:1)
  7 hobgoblins
  7 jackals
  5 quokkas
  5 frilled lizards
  3 goblins
  5 kobolds
  11 rats
  A toadstool (D:5)
138 creatures vanquished.

Vanquished Creatures (others)
  4 fungi (D:5)
  19 plants
  3 toadstools (D:5)
26 creatures vanquished.

Grand Total: 164 creatures vanquished

Notes
Turn   | Place    | Note
-------+----------+-------------------------------------------
     0 | D:1      | cforsyth the Formicid Fighter began the quest for the Orb.
     0 | D:1      | Reached XP level 1. HP: 18/18 MP: 1/1
    64 | D:1      | Found a faded altar of an unknown god.
    75 | D:1      | Reached XP level 2. HP: 23/24 MP: 2/2
   429 | D:1      | Reached XP level 3. HP: 16/29 MP: 3/3
   434 | D:1      | Reached skill level 3 in Maces & Flails
  1060 | D:2      | Found a sparkling altar of Nemelex Xobeh.
  1340 | D:2      | Reached XP level 4. HP: 36/37 MP: 4/4
  1504 | D:2      | Found the +10 dark maul {heavy}
  1692 | D:3      | Reached skill level 4 in Maces & Flails
  1775 | D:3      | Reached XP level 5. HP: 42/42 MP: 5/5
  2038 | D:3      | Noticed Ijyb
  2051 | D:3      | Killed Ijyb
  2548 | D:4      | Noticed Menkaure
  2888 | D:3      | Reached XP level 6. HP: 44/49 MP: 6/6
  2907 | D:4      | Noticed Eustachio
  2911 | D:4      | Killed Menkaure
  2912 | D:4      | Reached skill level 5 in Fighting
  2912 | D:4      | Reached skill level 5 in Maces & Flails
  3303 | D:4      | Killed Eustachio
  3304 | D:4      | Reached skill level 6 in Maces & Flails
  3304 | D:4      | Reached XP level 7. HP: 32/56 MP: 7/7
  3543 | D:4      | Found the +7 staff of the Meek {protect, meekguard}
  3712 | D:4      | Found a snail-covered altar of Cheibriados.
  3747 | D:4      | Found Buhudegg's Antique Armour Shop.
  3797 | D:4      | Noticed Edmund
  3819 | D:4      | Killed Edmund
  3820 | D:4      | Reached skill level 7 in Maces & Flails
  3820 | D:4      | Reached XP level 8. HP: 30/64 MP: 8/8
  3944 | D:4      | Found a staircase to the Ecumenical Temple.
  3958 | Temple   | Entered the Ecumenical Temple
  3971 | Temple   | Became a worshipper of Ru the Awakened
  4239 | D:5      | Entered Level 5 of the Dungeon
  4285 | D:5      | Identified the +3 dagger of the Scroll {venom, rF+}
  4343 | D:5      | Found an ornate altar of the Wu Jian Council.
  4397 | D:5      | Found a transporter.
  4410 | D:5      | Found a transporter.
  4410 | D:5      | Noticed Newt's ghost (novice KoHu)
  4464 | D:5      | Noticed Grinder
  4487 | D:5      | Killed Grinder
  4547 | D:5      | Found a bloodstained altar of Trog.
  4548 | D:5      | Found a broken altar of Ashenzari.
  4684 | D:5      | Reached skill level 8 in Maces & Flails
  5310 | D:5      | Reached XP level 9. HP: 66/72 MP: 9/9
  5541 | D:6      | Gained mutation: You cannot be stealthy. [Ru sacrifice]
  5626 | D:6      | Reached skill level 9 in Maces & Flails
  6576 | D:6      | Reached skill level 10 in Maces & Flails
  6676 | D:6      | Killed from afar by an electric eel

Illustrated notes

Levels and vault maps discovered:
D:1:      amcnicky_arrival_blooded_trapdoor, layout_basic,
          hellmonk_ecumenical_altar_slurped_away, minivault_25
D:2:      layout_rooms, basic_altar
D:3:      wad_woods_tower, layout_basic, uniq_ijyb
D:4:      layout_loops_ring, slow_altar_2, minmay_temple_entry_water_ring,
          serial_shops, shop, small_statue_intersection, pf_guarded_unrand_meek,
          uniq_menkaure, uniq_edmund, uniq_eustachio
D:5:      layout_basic, mainiacjoe_overflow_divided_tiny,
          overflow_temple_1_default, gammafunk_ghost_mausoleum,
          grunt_ministairs_13, minmay_gold_behind_fungi,
          hangedman_decor_opposing, chequers_arboretum, serial_park_tiny_pond,
          uniq_grinder
D:6:      layout_loops_corners, serial_glass, glass_columns_b, glass_columns_a,
          serial_bayou_pond_c, serial_bayou_pond_c, minivault_22
Temple:   nicolae_temple_bog_church

Skill      XL: |  1  2  3  4  5  6  7  8  9 |
---------------+----------------------------+-----
Maces & Flails | 3 4 6 7 8 10 | 10.0
Fighting       | 4 5 6 7 8 |  8.2
Armour         | |  3.2
Shields        | |  4.0

Action                     |  1- 3 |  4- 6 |  7- 9 || total
---------------------------+-------+-------+-------++-------
  Melee: Flail             |   123 |   165 |   260 ||   548
 Invoke: Sacrifice Stealth |       |       |     1 ||     1
 Armour: Scale mail        |    47 |       |       ||    47
         Plate armour      |    23 |   127 |   147 ||   297
  Dodge: Dodged            |    54 |    55 |    74 ||   183
  Block: Buckler           |    46 |    53 |    56 ||   155

Table legend: (Time is in decaauts)
 A = Elapsed time spent in this place.
 B = Non-inter-level travel time spent in this place.
 C = Inter-level travel time spent in this place.
 D = Time resting spent in this place.
 E = Time spent auto-exploring this place.
 F = Levels seen in this place.
 G = Mean time per level.
                   A        B        C        D        E       F      G
               +--------+--------+--------+--------+--------+-----+--------+
         Total |   6761 |   6612 |    149 |    849 |   4559 |   7 |  965.9 |
       Dungeon |   6738 |   6598 |    140 |    849 |   4556 |   6 | 1123.0 |
        Temple |     22 |     13 |      9 |      0 |      3 |   1 |   22.0 |
               +--------+--------+--------+--------+--------+-----+--------+

Top non-repeatable levels by time:
     D:3: 1627 daAuts
     D:5: 1388 daAuts
     D:1: 1077 daAuts
     D:6: 1050 daAuts
     D:4: 973 daAuts
     D:2: 621 daAuts
  Temple: 22 daAuts
